 Dungeon Crawl Stone Soup version 0.30-a0-292-g0f741e3f8e (webtiles) character file.

Game seed: 5816088866426200410

497620 ragingrage the Wrestler (level 23, -4/181 (236) HPs)
             Began as a Troll Fighter on Oct 15, 2022.
             Was the Champion of Ru.
             Killed from afar by a golden dragon (27 damage)
             ... with a bolt of fire
             ... on level 4 of the Depths on Oct 18, 2022.
             The game lasted 02:02:31 (60742 turns).

ragingrage the Wrestler (Troll Fighter)            Turns: 60742, Time: 02:02:32

HP:   -4/181 (236)  AC: 23    Str: 40    XL:     23   Next: 70%
MP:   12/19         EV:  4    Int:  9    God:    Ru [******]
Gold: 4822          SH: 17    Dex: 10    Spells: 18/22 levels left

rFire   + . .      SeeInvis +      - Unarmed
rCold   + . .      Faith    .    U - +1 kite shield
rNeg    . . .      Spirit   .    Y - +0 gold dragon scales
rPois   +          Reflect  +    O - +2 hat {SInv}
rElec   .          Harm     .    w - scarf {repulsion}
rCorr   +          Rampage  .    (gloves unavailable)
Will    +....                    (boots unavailable)
Stlth   ..........               F - amulet of reflection
HPRegen 1.30/turn                R - +4 ring of protection
MPRegen 0.16/turn                G - ring "Nourarem" {Drain rPois rCorr Int+6}

@: exhausted, studying Long Blades, heavily drained, repel missiles, unable to
drink
A: large, unfitting armour, claws 3, low MP 1, regeneration 1, shaggy fur 1,
tough skin 1, inability to drink after injury 2, no stealth, hated by all,
inability to train dodging, unskilled 1, antennae 1, strong 1
}: 3/15 runes: decaying, abyssal, gossamer
a: Renounce Religion, Draw Out Power, Power Leap, Apocalypse


You were on level 4 of the Depths.
You worshipped Ru.
Ru was exalted by your worship.
You visited 9 branches of the dungeon, and saw 42 of its levels.
You visited the Abyss 4 times.
You also visited: Ossuary, Bailey and Gauntlet.

You collected 6294 gold pieces.
You spent 1472 gold pieces at shops.

Inventory:

Missiles
 d - 29 poisoned darts
 e - 7 throwing nets
 p - 11 boomerangs of dispersal
 t - 11 silver javelins
 A - 34 large rocks
 C - 11 javelins
 M - 8 boomerangs (quivered)
 N - 24 curare-tipped darts
Armour
 w - a scarf of repulsion (worn)
 L - +0 storm dragon scales
 O - a +2 hat of see invisible (worn)
 U - a +1 kite shield (worn)
 Y - +0 gold dragon scales (worn)
Jewellery
 F - an amulet of reflection (around neck)
 G - the ring "Nourarem" (right claw) {Drain rPois rCorr Int+6}
   (You found it on level 10 of the Dungeon)

   [ring of intelligence]

   Int:       It affects your intelligence (+6).
   rPois:     It protects you from poison.
   rCorr:     It protects you from acid and corrosion.
   Drain:     It drains your maximum health when unequipped.
 R - a +4 ring of protection (left claw)
Wands
 a - a wand of flame (57)
 f - a wand of light (13)
 o - a wand of mindburst (50)
 s - a wand of digging (12)
 z - a wand of roots (12)
 V - a wand of paralysis (26)
Scrolls
 b - 3 scrolls of enchant armour
 j - 11 scrolls of magic mapping
 l - 4 scrolls of immolation
 n - 12 scrolls of teleportation
 y - 7 scrolls of poison
 B - 2 scrolls of noise
 D - 5 scrolls of blinking
 H - 12 scrolls of vulnerability
 J - a scroll of silence
 P - 3 scrolls of fear
 W - 2 scrolls of torment
 X - 7 scrolls of fog
Potions
 c - 6 potions of might
 g - 18 potions of heal wounds
 h - 9 potions of lignification
 i - 12 potions of haste
 k - 14 potions of ambrosia
 m - 22 potions of curing
 q - 10 potions of mutation
 u - 11 potions of flight
 v - 8 potions of attraction
 x - 13 potions of brilliance
 E - 4 potions of invisibility
 K - 5 potions of cancellation
 Q - 4 potions of resistance
 Z - 4 potions of magic
Miscellaneous
 r - a phial of floods
 I - a condenser vane (inert)
 S - a lightning rod (4/4)
 T - a tin of tremorstones (2/2)


   Skills:
 + Level 15.5 Fighting
 + Level 14.7 Throwing
 + Level 6.5 Armour
 + Level 14.1 Shields
 + Level 25.0 Unarmed Combat
 - Level 5.0 Transmutations
 - Level 5.0 Evocations


You had 18 spell levels left.
You knew the following spells:

 Your Spells              Type           Power      Damage    Failure   Level
a - Wereblood             Tmut           9%         N/A       88%         2
b - Blink                 Tloc           0%         N/A       100%        2

Your spell library contained the following spells:

 Spells                   Type           Power      Damage    Failure   Level
 Sting                    Tmut/Pois      16%        1d3       98%         1
 Apportation              Tloc           0%         N/A       100%        1
 Freeze                   Ice            0%         1d3       100%        1
 Magic Dart               Conj           0%         1d3       100%        1
 Necrotise                Necr           0%         1d4       100%        1
 Shock                    Conj/Air       0%         1d3       100%        1
 Slow                     Hex            0%         N/A       100%        1
 Cigotuvi's Dreadful Rot  Necr/Pois/Air  0%         N/A       100%        2
 Momentum Strike          Conj/Tloc      0%         3d8       100%        2
 Poisonous Vapours        Pois/Air       0%         N/A       100%        2
 Searing Ray              Conj           0%         2d4       100%        2
 Sublimation of Blood     Necr           0%         N/A       100%        2
 Confusing Touch          Hex            0%         N/A       100%        3
 Dazzling Flash           Conj/Hex       0%         N/A       100%        3
 Frozen Ramparts          Ice            0%         1d1       100%        3
 Gell's Gravitas          Tloc           0%         N/A       100%        3
 Hailstorm                Conj/Ice       0%         3d3       100%        3
 Inner Flame              Hex/Fire       0%         N/A       100%        3
 Lesser Beckoning         Tloc           0%         N/A       100%        3
 Mephitic Cloud           Conj/Pois/Air  0%         N/A       100%        3
 Spider Form              Tmut/Pois      4%         N/A       100%        3
 Swiftness                Air            0%         N/A       100%        3
 Teleport Other           Tloc           0%         N/A       100%        3
 Vampiric Draining        Necr           0%         2d6       100%        3
 Airstrike                Air            0%         2d(0-16)  100%        4
 Anguish                  Hex/Necr       0%         N/A       100%        4
 Dispel Undead            Necr           0%         3d6       100%        4
 Flame Wave               Conj/Fire      0%         2d4       100%        4
 Fulminant Prism          Conj/Hex       0%         3d6       100%        4
 Ice Form                 Ice/Tmut       4%         N/A       100%        4
 Leda's Liquefaction      Hex/Erth       0%         N/A       100%        4
 Olgreb's Toxic Radiance  Pois           0%         N/A       100%        4
 Passage of Golubria      Tloc           0%         N/A       100%        4
 Petrify                  Tmut/Erth      4%         N/A       100%        4
 Sticky Flame             Conj/Fire      0%         2d3       100%        4
 Agony                    Necr           0%         N/A       100%        5
 Alistair's Intoxication  Tmut/Pois      2%         N/A       100%        5
 Blade Hands              Tmut           4%         N/A       100%        5
 Borgnjor's Vile Clutch   Necr/Erth      0%         N/A       100%        5
 Fireball                 Conj/Fire      0%         3d3       100%        5
 Irradiate                Conj/Tmut      2%         3d12      100%        5
 Iskenderun's Battlesphe  Conj           0%         2d6       100%        5
 Lee's Rapid Deconstruct  Erth           0%         3d4*      100%        5
 Silence                  Hex/Air        0%         N/A       100%        5
 Yara's Violent Unravell  Hex/Tmut       2%         3d3       100%        5
 Conjure Ball Lightning   Conj/Air       0%         3x3d6     100%        6
 Dispersal                Tloc           0%         N/A       100%        6
 Eringya's Noxious Bog    Tmut/Pois      2%         N/A       100%        6
 Iron Shot                Conj/Erth      0%         9d1       100%        6
 Statue Form              Tmut/Erth      2%         N/A       100%        6
 Dragon Form              Tmut           4%         N/A       100%        7
 Enfeeble                 Hex            0%         N/A       100%        7
 Orb of Destruction       Conj           0%         9d5       100%        7
 Discord                  Hex            0%         N/A       100%        8
 Disjunction              Tloc           0%         N/A       100%        8
 Death's Door             Necr           0%         N/A       100%        9
 Summon Small Mammal      Summ           Unusable   N/A       N/A         1
 Tukima's Dance           Hex            Unusable   N/A       N/A         3
 Animate Dead             Necr           Unusable   N/A       N/A         4
 Summon Ice Beast         Ice/Summ       Unusable   N/A       N/A         4
 Death Channel            Necr           Unusable   N/A       N/A         6
 Simulacrum               Ice/Necr       Unusable   N/A       N/A         6
 Spellforged Servitor     Conj/Summ      Unusable   N/A       N/A         7
 Summon Hydra             Summ           Unusable   N/A       N/A         7

Dungeon Overview and Level Annotations

Branches:
Dungeon (15/15)            Temple (1/1) D:4            Lair (5/5) D:8
  Swamp (4/4) Lair:2       Spider (4/4) Lair:2        Slime (0/5) Lair:4
    Orc (2/2) D:12            Elf (3/3) Orc:2        Vaults (4/5) D:13
  Crypt (0/3) Vaults:3     Depths (4/4) D:15        Ossuary (visited)
 Bailey (visited)         Gauntlet (visited)
    Zot: Depths:4

Altars:
Dithmenos
Elyvilon
Gozag
Kikubaaqudgha
Nemelex Xobeh
Okawaru
Qazlal
Ru
Trog
Uskayaw
Vehumet
The Shining One

Shops:
D:4 =   Orc:2 *(([:   Elf:2 [   Vaults:1 *   Depths:3 ?   Depths:4 [

Portals:
Hell: Depths:2 Depths:3
Abyss: Depths:1 Depths:3
Pandemonium: Depths:2
Ziggurat: Depths:2
Trove: D:13 (give 15 scrolls of teleportation)

Annotations:
D:13 1 runed translucent door, ChrisCrawling's ghost, journeyman HOFi
D:15 3 runed translucent doors, Tunif's ghost, adept DEFE
Lair:1 1 runed translucent door, Icyzef's ghost, journeyman OpEE
Lair:5 1 runed translucent door, Ekaitz's ghost, journeyman VSEn
Elf:2 3 runed translucent doors
Depths:1 exclusion: 2 doors
Depths:2 exclusion: orange crystal statue


Innate Abilities, Weirdness & Mutations

You are too large for most types of armour.
You have claws for hands.
Your magical capacity is low. (-10% MP)
Your natural rate of healing is unusually fast.
You are covered in fur. (AC +1)
You have tough skin. (AC +1)
You sometimes lose the ability to drink potions when taking damage.
You cannot be stealthy.
You are hated by all.
You cannot train Dodging skill.
You are somewhat unskilled. (-1 Apt)
You have a pair of small antennae on your head.
Your muscles are strong. (Str +4, Int/Dex -1)


Message History

You block the doom hound's attack. x2
You mangle the doom hound!!
You kill the doom hound!
The hellephant blinks!
The deep elf master archer is engulfed in noxious fumes.
The deep elf master archer shoots an arrow.
The arrow hits you!!
* * * LOW HITPOINT WARNING * * *
x2 Your Unarmed Combat skill increases to level 25!
As you read the scroll of teleportation, it crumbles to dust.
You feel strangely unstable.
The deep elf master archer is engulfed in noxious fumes.
You redirect the deep elf master archer's attack!
The deep elf master archer shoots an arrow.
The arrow hits the hellephant!
The deep elf master archer is engulfed in noxious fumes.
The deep elf master archer appears confused.
The hellephant blinks!
Things that are here:
the +1 lajatang "Xuuh" {vorpal, *Noise rN++}; +0 shadow dragon scales; a doom hound corpse The hellephant tramples you!
* * * LOW HITPOINT WARNING * * *
You stumble backwards!
Things that are here:
the +1 lajatang "Xuuh" {vorpal, *Noise rN++}; +0 shadow dragon scales; a doom hound corpse You scratch the hellephant.
The hellephant is heavily wounded.
You block the hellephant's attack.
The hellephant bites you but does no damage.
The hellephant gores you but does no damage.
Your surroundings suddenly seem different. 3 draconians, a spriggan berserker, 2 giants and 2 dragons come into view.
An ettin is wielding a +0 dire flail and a +1 dire flail of protection.
The spriggan berserker is wielding a +2 antimagic rapier.
A fire giant is wielding a +2 great sword of flaming.
Found 6 stones, a short sword and an animal skin.
The red draconian roars!
The white draconian stormcaller roars!
The golden dragon roars deafeningly!
The fire giant shouts!
The spriggan berserker begins to pray, but is stunned by your conviction!
The golden dragon breathes fire at you. The bolt of fire hits you!! You resist.
You die...

......C......# ....#.......D#.
[...........D.. ..)....⌠....C..
......dd.....q. .............#
(......i.....# .......@....#
...........##
...................##....§§≈§#
....!............(##......§≈.#
........≈≈≈...(§))#.......≈§§#
≈......≈≈≈~~#.§§≈§§....^....####
≈......≈≈∩....§§§§.............##
§§§....≈≈≈≈~..(§§§..............#
§≈§..?..≈≈≈....(.§.............##


You could see a shadow dragon, a golden dragon (catching breath), a green
draconian, a red draconian, a fire giant, a white draconian stormcaller, an
ettin and a spriggan berserker.

Vanquished Creatures
  Mara (Depths:2)
  A juggernaut (Depths:2)
  Bai Suzhen (Depths:1)
  4 golden dragons (Depths:2)
  Nikola (Spider:1)
  Saint Roka (D:15)
  4 bone dragons
  the Enchantress (Depths:2)
  A doom hound (Depths:4)
  Jorgrun (D:12)
  A tentacled monstrosity (Depths:3)
  A lich (Depths:4)
  2 quicksilver dragons
  3 sphinxes
  2 deep elf blademasters
  Gastronok (Orc:1)
  5 tentacled starspawn (Abyss:3)
  Kirke (Lair:2)
  5 storm dragons (Depths:2)
  A shadow dragon (Depths:3)
  Roxanne (Elf:3)
  2 tengu reavers
  A fenstrider witch (Swamp:1)
  7 emperor scorpions
  6 deep elf sorcerers
  10 vault wardens
  2 fire giants (Depths:1)
  3 frost giants
  2 iron dragons (Depths:2)
  2 juggernaut zombies (Depths:3)
  4 spriggan defenders
  A cacodemon (Abyss:3)
  Aizul (Vaults:4)
  A draconian shifter (Depths:4)
  3 ghost moths
  Louise (Depths:1)
  4 stone giants (Depths:2)
  10 ironbound preservers
  6 ironbound thunderhulks
  2 orc warlords (Orc:2)
  5 deep elf elementalists
  A juggernaut skeleton (Depths:3)
  21 very ugly things
  3 eleionomae
  A lorocyproca (Abyss:3)
  A red draconian (Depths:4)
  3 vampire knights
  An elemental wellspring (Depths:2)
  A purple draconian (Depths:4)
  7 deep elf annihilators (Elf:3)
  A minotaur (Gauntlet)
  2 deep elf demonologists (Elf:3)
  11 dire elephants
  8 spark wasps
  6 deep elf death magi
  A blizzard demon (Depths:2)
  An eidolon (Abyss:3)
  9 fire dragons
  15 ettins
  7 yaktaur captains
  A shambling mangrove (Swamp:3)
  A quicksilver dragon zombie (Abyss:2)
  5 merfolk javelineers (Depths:2)
  4 deep elf high priests
  An entropy weaver (Spider:3)
  6 great orbs of eyes
  10 ice dragons
  5 spriggan air magi
  24 hydras
  3 rakshasas
  9 vault guards
  9 alligators
  2 ghost crabs
  6 ogre magi
  Erica (D:10)
  10 centaur warriors
  7 ironbound frosthearts
  2 jorogumos
  5 radroaches
  8 catoblepae
  7 boulder beetles
  18 dancing weapons
  2 death knights (Vaults:3)
  6 death yaks (Lair:5)
  7 death scarabs (Spider:4)
  3 thrashing horrors (Abyss:3)
  10 spriggan berserkers
  13 two-headed ogres
  3 hell hogs (Depths:1)
  3 deep troll shamans
  A vampire mage (Depths:2)
  8 deep troll earth magi
  Urug (D:12)
  15 tengu warriors
  5 orc high priests
  7 hell knights
  11 deep elf knights
  5 sun demons
  7 skeletal warriors
  6 pharaoh ants
  9 iron trolls
  A titan skeleton (Depths:3)
  A goliath frog (shapeshifter) (Elf:3)
  3 wretched stars (Abyss:3)
  A goliath frog (Swamp:2)
  2 sun moths
  A sixfirhy (Abyss:3)
  A fire crab (Swamp:4)
  A swamp dragon (shapeshifter) (Vaults:4)
  2 glowing orange brains
  4 spriggan druids
  3 swamp dragons (Swamp:4)
  9 orb spiders
  16 steelbarb worms
  9 deep elf archers
  A spriggan simulacrum (Depths:3)
  43 deep trolls
  4 bog bodies
  2 spriggan riders (Depths:3)
  A flayed ghost (Depths:4)
  2 spectral wolf spiders (Spider:4)
  A tengu zombie (Depths:3)
  8 lindwurms
  3 orc knights
  7 wizards
  A sphinx zombie (Depths:3)
  2 harpies
  A wolf spider zombie (Gauntlet)
  14 ironbound convokers
  13 deep elf zephyrmancers
  5 necromancers
  13 wolf spiders
  34 deep elf pyromancers
  30 ugly things
  A broodmother zombie (Spider:4)
  A salamander (D:15)
  8 manticores
  5 cyclopes
  A stone giant zombie (Vaults:4)
  4 will-o-the-wisps
  5 orc sorcerers
  A moth of wrath (Spider:4)
  12 starcursed masses (Abyss:3)
  6 black mambas
  11 vault sentinels
  A water nymph (shapeshifter) (D:15)
  2 spectral centaurs (Gauntlet)
  An apocalypse crab (Abyss:2)
  A storm dragon simulacrum (Depths:3)
  13 cane toads
  7 smoke demons
  2 gargoyles
  A molten gargoyle (Depths:4)
  A redback zombie (Spider:4)
  9 demonic crawlers
  7 torpor snails
  2 kobold demonologists
  3 spectral redbacks (Spider:4)
  8 komodo dragons
  3 rime drakes
  2 unseen horrors (D:13)
  23 yaktaurs
  An efreet (D:10)
  A komodo dragon (shapeshifter) (Depths:3)
  A freezing wraith (D:15)
  A golden dragon simulacrum (Depths:3)
  2 human skeletons (Vaults:4)
  9 tengu conjurers
  3 ancient zymes (Abyss:3)
  A guardian mummy (D:13)
  15 meliai
  A queen bee (Spider:1)
  5 trolls
  A wind drake (shapeshifter) (Vaults:2)
  19 hornets
  A spectral culicivora (Spider:4)
  2 spectral tarantellas (Spider:4)
  12 tyrant leeches
  3 polar bears
  11 tarantellas
  2 spectral jumping spiders (Spider:4)
  2 tarantella zombies (Spider:4)
  3 jumping spider zombies (Spider:4)
  13 raiju
  22 slime creatures
  14 dream sheep
  4 blink frogs (Lair:3)
  21 jumping spiders
  A culicivora zombie (Spider:4)
  A centaur simulacrum (D:14)
  A jumping spider (shapeshifter) (Abyss:3)
  A deep troll skeleton (Vaults:4)
  2 vampires
  11 spriggans
  9 large abominations
  3 air elementals
  A culicivora (shapeshifter) (D:15)
  20 culicivoras
  8 wyverns
  2 water elementals (Depths:2)
  89 yaks
  9 shadows
  5 wraiths
  A ynoxinul (Abyss:3)
  2 golden eyes (shapeshifter)
  A hog (Lair:3)
  An ettin skeleton (Abyss:3)
  2 humans (Lair:3)
  3 basilisks
  24 vampire mosquitoes
  2 neqoxecs (Abyss:3)
  50 redbacks
  5 steam dragons
  10 wargs
  A chaos spawn (Abyss:3)
  14 swamp worms
  A warg (shapeshifter) (Abyss:3)
  A yaktaur simulacrum (Vaults:2)
  16 water moccasins
  A two-headed ogre zombie (D:12)
  A hell hound (Lair:5)
  2 acid dragons
  A floating eye (Depths:3)
  2 ice beasts
  14 swamp drakes
  A sky beast (D:7)
  2 hornet zombies (Ossuary)
  35 orc warriors
  2 black bears (Lair:3)
  10 ogres
  7 boggarts
  10 centaurs
  4 wolves (D:11)
  An elf simulacrum (Vaults:4)
  A phantom (D:5)
  12 kobold brigands
  3 earth elementals
  A gnoll sergeant (D:6)
  15 bullfrogs
  2 necrophages (D:4)
  7 wights
  2 water moccasin zombies (Ossuary)
  3 troll zombies (D:12)
  35 killer bees
  8 electric eels
  A lava snake (Swamp:4)
  2 howler monkeys (D:8)
  6 bullfrog zombies (Ossuary)
  3 hounds (D:5)
  6 small abominations (Abyss:3)
  5 centaur zombies (Ossuary)
  10 jellies
  12 orc priests
  3 iguanas
  An iron imp (Abyss:3)
  Jessica (D:2)
  11 orc wizards
  4 ogre zombies (D:12)
  12 mummies (Ossuary)
  2 howler monkey zombies (Ossuary)
  15 gnolls
  6 adders
  A shadow imp (D:5)
  5 white imps
  5 ufetubi
  5 worms
  A dart slug (D:2)
  81 orcs
  7 ball pythons
  5 bats
  14 endoplasms
  3 giant cockroaches
  6 goblins
  7 hobgoblins
  6 jackals (D:2)
  5 quokkas
  5 frilled lizards
  A goblin skeleton (D:12)
  3 goblin zombies (D:12)
  A hobgoblin skeleton (D:12)
  3 hobgoblin zombies (D:12)
  33 kobolds
  4 orc skeletons (D:12)
  13 orc zombies (D:12)
  8 rats
  5 rat zombies
  A spectral orc (D:3)
  5 bushes (Depths:1)
  A butterfly (Depths:1)
  A lurking horror (Abyss:3)
  8 starspawn tentacles (Abyss:3)
1850 creatures vanquished.

Vanquished Creatures (others)
  A juggernaut (Depths:2)
  A fire giant (Depths:3)
  A deep elf elementalist (Elf:3)
  A stone giant (Depths:3)
  A red draconian (Depths:4)
  A dire elephant (Vaults:4)
  A spark wasp (Depths:2)
  A yaktaur captain (Vaults:1)
  An ettin (Orc:1)
  2 hydras
  A spriggan air mage (Depths:3)
  An alligator (Swamp:3)
  A spriggan berserker (Depths:3)
  A deep troll earth mage (Depths:3)
  An orc high priest (Orc:2)
  A deep troll (Vaults:4)
  An orb spider (Spider:4)
  A deep elf pyromancer (Elf:3)
  A spectral wolf spider (Spider:4)
  An ugly thing (D:15)
  3 wolf spiders
  A tengu conjurer (D:13)
  2 bloated husks
  A tyrant leech (Swamp:4)
  2 meliai
  A slime creature (D:15)
  A blink frog (Lair:3)
  A jumping spider (Spider:3)
  A yak (Lair:1)
  A hog (Lair:3)
  A wyvern (Lair:5)
  2 redbacks
  A swamp worm (Swamp:2)
  2 swamp drakes (Swamp:4)
  2 orc warriors
  2 centaurs (D:13)
  A jelly (Lair:4)
  7 bushes
  2 demonic plants (Gauntlet)
  14 foxfires
  48 fungi
  190 plants
  11 starspawn tentacles (Abyss:3)
  8 withered plants (Ossuary)
326 creatures vanquished.

Grand Total: 2176 creatures vanquished

Notes
Turn   | Place    | Note
-------+----------+-------------------------------------------
     0 | D:1      | ragingrage the Troll Fighter began the quest for the Orb.
     0 | D:1      | Reached XP level 1. HP: 22/22 MP: 0/0
   206 | D:1      | Reached XP level 2. HP: 28/29 MP: 1/1
   297 | D:1      | Reached skill level 3 in Unarmed Combat
   851 | D:2      | Reached XP level 3. HP: 36/36 MP: 2/2
   869 | D:2      | Found a sacrificial altar of Ru.
   979 | D:2      | Noticed Jessica
   998 | D:2      | Killed Jessica
   999 | D:2      | Reached skill level 4 in Unarmed Combat
  1006 | D:2      | Reached XP level 4. HP: 43/44 MP: 3/3
  1064 | D:2      | Became a worshipper of Ru the Awakened
  2237 | D:3      | Found a basalt altar of Yredelemnul.
  2369 | D:3      | Found a bloodstained altar of Trog.
  2546 | D:3      | Gained mutation: You cannot be stealthy. [Ru sacrifice]
  2735 | D:4      | Noticed a necrophage
  2738 | D:4      | Reached skill level 5 in Unarmed Combat
  2744 | D:4      | Killed a necrophage
  2745 | D:4      | Reached XP level 5. HP: 48/50 MP: 4/4
  2746 | D:4      | Found a staircase to the Ecumenical Temple.
  2761 | Temple   | Entered the Ecumenical Temple
  2835 | D:4      | Found Piep's Jewellery Shoppe.
  2852 | D:4      | Reached skill level 6 in Unarmed Combat
  3028 | D:4      | Noticed a wyvern
  3031 | D:4      | Killed a wyvern
  3032 | D:4      | Reached skill level 7 in Unarmed Combat
  3032 | D:4      | Reached XP level 6. HP: 59/59 MP: 5/5
  3255 | D:4      | Noticed a steam dragon
  3259 | D:4      | Killed a steam dragon
  3260 | D:4      | Reached XP level 7. HP: 50/66 MP: 6/6
  3311 | D:4      | Reached skill level 8 in Unarmed Combat
  3504 | D:5      | Entered Level 5 of the Dungeon
  3695 | D:5      | Reached skill level 9 in Unarmed Combat
  3820 | D:5      | Identified the +6 quarterstaff of Ru's Whim {vorpal, Dex+7}
  4537 | D:5      | Reached XP level 8. HP: 74/74 MP: 7/7
  4700 | D:5      | Reached skill level 10 in Unarmed Combat
  4713 | D:5      | Gained mutation: You cannot train Dodging skill. [Ru
                  | sacrifice]
  4713 | D:5      | Reached * piety under Ru
  4713 | D:5      | Reached ** piety under Ru
  4854 | D:6      | Identified the +11 rapier "Plog" {elec, Fragile rElec rPois
                  | Dex+7}
  4855 | D:6      | Found a shadowy altar of Dithmenos.
  4915 | D:6      | Found a sand-covered staircase.
  4922 | Ossuary  | Entered an ossuary
  4948 | Ossuary  | Reached skill level 11 in Unarmed Combat
  5015 | Ossuary  | Reached XP level 9. HP: 35/80 MP: 8/8
  5063 | Ossuary  | Reached skill level 12 in Unarmed Combat
  5660 | D:7      | Found an iron altar of Okawaru.
  5771 | D:7      | Found a flagged portal.
  5778 | D:7      | Reached skill level 1 in Throwing
  5778 | D:7      | Reached skill level 1 in Armour
  5823 | Bailey   | Entered a bailey
  6777 | D:7      | Gained mutation: You are somewhat unskilled. (-1 Apt) [Ru
                  | sacrifice]
  6777 | D:7      | Reduced skill Unarmed Combat to level 11
  6777 | D:7      | Reached *** piety under Ru
  6927 | D:8      | Reached skill level 12 in Unarmed Combat
  7080 | D:8      | Reached XP level 10. HP: 66/91 MP: 9/9
  7205 | D:8      | Found a staircase to the Lair.
  7270 | D:8      | Found a hide-covered altar of Uskayaw.
  7280 | D:8      | Found a glowing golden altar of the Shining One.
  7608 | D:8      | Gained mutation: Your muscles are strong. (Str +4, Int/Dex
                  | -1) [potion of mutation]
  7608 | D:8      | Gained mutation: You have a pair of small antennae on your
                  | head. [potion of mutation]
  7963 | D:9      | Found a stormy altar of Qazlal.
  8036 | D:9      | Paralysed by a hornet for 1 turns
  8047 | D:9      | Paralysed by a hornet for 1 turns
  8321 | D:9      | Learned a level 2 spell: Wereblood
  8370 | D:9      | Reached skill level 13 in Unarmed Combat
  8810 | D:10     | Entered Level 10 of the Dungeon
  9133 | D:10     | Found a sparkling altar of Nemelex Xobeh.
  9148 | D:10     | Found an opulent altar of Gozag.
  9172 | D:10     | Noticed a two-headed ogre
  9173 | D:10     | Reached XP level 11. HP: 101/101 MP: 10/10
  9181 | D:10     | Killed a two-headed ogre
  9273 | D:10     | Reached skill level 5 in Shields
  9303 | D:10     | Noticed a four-headed hydra
  9314 | D:10     | Killed a five-headed hydra
  9421 | D:10     | Identified the ring "Nourarem" {Drain rPois rCorr Int+6}
  9437 | D:10     | Identified the +0 pair of gloves "Giahul" {rC- rN+ Dex+3}
  9475 | D:10     | Noticed Erica
  9483 | D:10     | Reached skill level 5 in Fighting
  9491 | D:10     | Killed Erica
  9987 | D:11     | Reached skill level 5 in Throwing
 10007 | D:11     | Noticed Grum
 10019 | D:11     | Reached skill level 14 in Unarmed Combat
 10020 | D:11     | Grum changed into Grum the centaur
 10020 | D:11     | Noticed Grum
 10025 | D:11     | Killed Grum the centaur
 10059 | D:11     | Noticed a cyan ugly thing
 10282 | D:11     | Found a gate leading to a gauntlet.
 10292 | Gauntlet | Entered a Gauntlet
 10292 | Gauntlet | Found a transporter.
 10292 | Gauntlet | Found a transporter.
 10292 | Gauntlet | Found a runed translucent door.
 10294 | Gauntlet | Found a runed translucent door.
 10296 | Gauntlet | Found a transporter.
 10296 | Gauntlet | Found a transporter.
 10299 | Gauntlet | Found a transporter.
 10334 | Gauntlet | Noticed a sixfirhy
 10338 | Gauntlet | Found a transporter.
 10340 | Gauntlet | Found a transporter.
 10340 | Gauntlet | Found a transporter.
 10352 | Gauntlet | Found a transporter.
 10352 | Gauntlet | Noticed a cacodemon
 10368 | Gauntlet | Found a transporter.
 10372 | Gauntlet | Noticed a reaper
 10375 | Gauntlet | Noticed a death drake
 10378 | Gauntlet | Found a transporter.
 10395 | Gauntlet | Found a transporter.
 10412 | Gauntlet | Found a transporter.
 10415 | Gauntlet | Found a runed translucent door.
 10420 | Gauntlet | Found a runed translucent door.
 10424 | Gauntlet | Found a transporter.
 10499 | Gauntlet | Identified the +1 pair of boots "Xukhirur" {Dex+3}
 10534 | Gauntlet | Identified the +9 dagger of Ashenzari {flame, *Noise +Blink
                  | rN++ Int+4}
 10534 | Gauntlet | Noticed a minotaur
 10545 | Gauntlet | Reached XP level 12. HP: 111/111 MP: 11/11
 10546 | Gauntlet | Killed a minotaur
 10795 | Lair:1   | Entered Level 1 of the Lair of Beasts
 11102 | Lair:1   | Found a runed translucent door.
 11105 | Lair:1   | Noticed Icyzef's ghost (journeyman OpEE)
 11534 | Lair:2   | Reached skill level 1 in Transmutations
 11589 | Lair:2   | Found a staircase to the Swamp.
 11910 | Lair:2   | Reached skill level 15 in Unarmed Combat
 12174 | Lair:2   | Found a hole to the Spider Nest.
 12833 | Lair:3   | Gained mutation: You are hated by all. [Ru sacrifice]
 12833 | Lair:3   | Reached **** piety under Ru
 12833 | Lair:3   | Reached ***** piety under Ru
 12844 | Lair:3   | Noticed a catoblepas
 12852 | Lair:3   | Killed a catoblepas
 12901 | Lair:3   | Noticed a seven-headed hydra
 12907 | Lair:3   | Killed a five-headed hydra
 12908 | Lair:3   | Reached XP level 13. HP: 96/123 MP: 12/12
 13130 | Lair:3   | Noticed Kirke
 13213 | Lair:2   | Noticed a sphinx
 13213 | Lair:2   | Killed Kirke
 14077 | Lair:4   | Reached skill level 16 in Unarmed Combat
 14418 | Lair:4   | Gained mutation: Your magical capacity is low. (-10% MP)
                  | [Ru sacrifice]
 14459 | Lair:4   | Found a staircase to the Slime Pits.
 14750 | Lair:5   | Entered Level 5 of the Lair of Beasts
 15199 | Lair:5   | Reached XP level 14. HP: 105/135 MP: 9/11
 15444 | Lair:5   | Noticed Ekaitz's ghost (journeyman VSEn)
 15457 | Lair:5   | Found a runed translucent door.
 16139 | Lair:5   | Reached skill level 17 in Unarmed Combat
 17134 | D:11     | Gained mutation: You occasionally lose the ability to drink
                  | potions when taking damage. [Ru sacrifice]
 17134 | D:11     | Gained mutation: You sometimes lose the ability to drink
                  | potions when taking damage. [Ru sacrifice]
 17134 | D:11     | Reached ****** piety under Ru
 17626 | D:12     | Found a staircase to the Orcish Mines.
 17757 | D:12     | Noticed Sonja
 17758 | D:12     | Sonja changed into Sonja the hornet
 17758 | D:12     | Noticed Sonja
 17764 | D:12     | Killed Sonja the hornet
 17828 | D:12     | Noticed Jorgrun
 17852 | D:12     | Killed Jorgrun
 17916 | D:12     | Found an ancient bone altar of Kikubaaqudgha.
 17940 | D:12     | Noticed Urug
 17952 | D:12     | Killed Urug
 19151 | D:13     | Found a runed translucent door.
 19151 | D:13     | Noticed ChrisCrawling's ghost (journeyman HOFi)
 19328 | D:13     | Reached skill level 5 in Transmutations
 19436 | D:13     | Reached XP level 15. HP: 143/145 MP: 12/12
 19453 | D:13     | Found a portal to a secret trove of treasure.
 19679 | D:13     | Reached skill level 18 in Unarmed Combat
 19752 | D:13     | Found a gate to the Vaults.
 20202 | Abyss:2  | Cast into level 2 of the Abyss (a wizard)
 20204 | Abyss:2  | Found a corrupted altar of Lugonu.
 20284 | Abyss:2  | Noticed a bone dragon
 20299 | Abyss:2  | Killed a bone dragon
 20406 | Abyss:2  | Noticed a bone dragon
 20415 | Abyss:2  | Killed a bone dragon
 20416 | Abyss:2  | Reached skill level 10 in Shields
 20608 | Abyss:3  | Found a corrupted altar of Lugonu.
 20648 | Abyss:3  | Noticed a tentacled starspawn
 20680 | Abyss:3  | Killed a tentacled starspawn
 20873 | D:14     | Escaped the Abyss
 21199 | D:14     | Paralysed by an ogre mage for 5 turns
 21211 | D:14     | Paralysed by an ogre mage for 4 turns
 21432 | Orc:1    | Entered Level 1 of the Orcish Mines
 21604 | Orc:1    | Noticed Gastronok
 21617 | Orc:1    | Killed Gastronok
 22202 | Orc:1    | Identified the +6 trident of Baunadu {drain, rPois rC++}
 22297 | Orc:2    | Entered Level 2 of the Orcish Mines
 22327 | Orc:2    | Found Qorch's General Store.
 22669 | Orc:2    | Reached skill level 19 in Unarmed Combat
 22690 | Orc:2    | Found Deokh's Antique Armour Shoppe.
 22702 | Orc:2    | Bought a runed robe for 66 gold pieces
 22702 | Orc:2    | Bought an embroidered cloak for 135 gold pieces
 22845 | Orc:2    | Found Gocommyo's Antique Weapon Emporium.
 22969 | Orc:2    | Found a staircase to the Elven Halls.
 23142 | Orc:2    | Found Ytylil's Book Shoppe.
 23307 | Orc:2    | Found Iseusuqo's Antique Weapon Shop.
 23317 | Orc:2    | Bought a crystal sling for 227 gold pieces
 23317 | Orc:2    | Identified the +8 sling "Ruahuwua" {speed, rN++ Dex+3} (You
                  | bought it in a shop on level 2 of the Orcish Mines)
 23722 | Spider:1 | Entered Level 1 of the Spider Nest
 23822 | Spider:1 | Reached XP level 16. HP: 136/144 MP: 13/13
 23923 | Spider:1 | Reached skill level 1 in Evocations
 24046 | Spider:1 | Upgraded the game from 0.30-a0-272-gf98c3da03f to
                  | 0.30-a0-279-g4b46babb21
 24271 | Spider:1 | Reached skill level 10 in Fighting
 24451 | Spider:1 | Noticed Nikola
 24484 | Spider:1 | Killed Nikola
 26467 | D:4      | Bought an amulet of guardian spirit for 420 gold pieces
 26607 | Spider:2 | Learned a level 2 spell: Blink
 28196 | D:4      | Bought an amulet of reflection for 420 gold pieces
 28820 | Spider:4 | Entered Level 4 of the Spider Nest
 28959 | Swamp:1  | Entered Level 1 of the Swamp
 29048 | Swamp:1  | You fall into a shaft and drop 1 floor!
 29424 | Swamp:1  | Reached skill level 20 in Unarmed Combat
 29589 | Swamp:1  | Reached XP level 17. HP: 151/167 MP: 14/14
 31856 | Swamp:4  | Entered Level 4 of the Swamp
 32620 | Swamp:4  | Got the Handbook of the Ghoulish Caves
 32952 | Swamp:4  | Got a decaying rune of Zot
 34787 | Spider:4 | Reached XP level 18. HP: 158/174 MP: 0/15
 34956 | Spider:4 | Reached skill level 21 in Unarmed Combat
 34971 | Spider:4 | Reached skill level 5 in Evocations
 35148 | Spider:4 | Got a gossamer rune of Zot
 36428 | D:14     | Found the +12 glaive of Prune {vorpal}
 36480 | D:15     | Entered Level 15 of the Dungeon
 36670 | D:15     | Found a runed translucent gate.
 36670 | D:15     | Found a runed translucent gate.
 36671 | D:15     | Found a runed translucent gate.
 36672 | D:15     | Noticed Tunif's ghost (adept DEFE)
 37164 | D:15     | Found a staircase to the Depths.
 37587 | Elf:1    | Entered Level 1 of the Elven Halls
 38479 | Elf:2    | Paralysed by an air elemental for 1 turns
 38744 | Elf:2    | Reached skill level 22 in Unarmed Combat
 38764 | Elf:2    | Found a runed translucent gate.
 38764 | Elf:2    | Found a runed translucent gate.
 38765 | Elf:2    | Found a runed translucent gate.
 38769 | Elf:2    | Reached skill level 10 in Throwing
 38864 | Elf:2    | Found Rama's Armour Boutique.
 39076 | Elf:2    | Reached XP level 19. HP: 135/174 MP: 14/16
 39216 | Elf:3    | Entered Level 3 of the Elven Halls
 39798 | Abyss:3  | Cast into level 3 of the Abyss (a deep elf sorcerer)
 39896 | Elf:3    | Escaped the Abyss
 40001 | Elf:3    | Noticed Roxanne
 40014 | Elf:3    | Killed Roxanne
 40549 | Elf:3    | Identified the +7 long sword of Uskayaw's Fury {drain,
                  | rPois Int+7}
 40549 | Elf:3    | Identified the ring "Kameps" {rF+ MP+9}
 40599 | Elf:3    | Identified the +1 mace of Ryered {venom, rF+ rN+ Str+4
                  | SInv}
 41403 | Elf:3    | Identified the ring of the Burnt God {Fire rCorr}
 41927 | Elf:3    | Identified the +0 spear of Fortitude {venom, Drain rC+
                  | Str+6 Int-4}
 42199 | Elf:3    | Identified the +2 robe "Emump" {Dex+3}
 42573 | Abyss:3  | Cast into level 3 of the Abyss (a deep elf demonologist)
 42583 | Abyss:3  | Noticed a bone dragon
 42591 | Abyss:3  | Killed a bone dragon
 42958 | Abyss:3  | Got an abyssal rune of Zot
 42972 | Elf:3    | Escaped the Abyss
 42975 | Elf:3    | Noticed a Tzitzimitl
 43432 | Abyss:3  | Cast into level 3 of the Abyss (a deep elf demonologist)
 43576 | Abyss:3  | Noticed a bone dragon
 43588 | Abyss:3  | Killed a bone dragon
 43589 | Abyss:3  | Reached skill level 23 in Unarmed Combat
 43667 | Elf:3    | Escaped the Abyss
 44181 | Elf:3    | Got the Collected Works on Poison
 44434 | Vaults:1 | Entered Level 1 of the Vaults
 44548 | Vaults:1 | Identified the +5 scimitar of Qucuniaf {vamp, rElec}
 44675 | Vaults:1 | Reached XP level 20. HP: 180/200 MP: 17/17
 44941 | Vaults:1 | Found Teodd's General Store.
 46556 | Vaults:2 | Identified the +0 chain mail of Defiance {Rampage Regen+
                  | rCorr Str+4}
 46953 | Vaults:2 | Reached XP level 21. HP: 200/200 MP: 17/17
 47166 | Vaults:3 | Found a staircase to the Crypt.
 47355 | Vaults:3 | You fall into a shaft and drop 1 floor!
 47825 | Vaults:4 | Noticed Aizul
 47838 | Vaults:4 | Killed Aizul
 48403 | Vaults:4 | Reached skill level 24 in Unarmed Combat
 49412 | Vaults:3 | Reached XP level 22. HP: 193/196 MP: 18/18
 50281 | Depths:1 | Entered Level 1 of the Depths
 50688 | Depths:1 | Found an iron altar of Okawaru.
 51252 | Depths:1 | Noticed Saint Roka
 51439 | D:15     | Killed Saint Roka
 51706 | Depths:1 | Found a white marble altar of Elyvilon.
 52134 | Depths:1 | Found a one-way gate to the infinite horrors of the Abyss.
 52135 | Depths:1 | Noticed Louise
 52146 | Depths:1 | Killed Louise
 52463 | Depths:2 | Found a one-way gateway to a ziggurat.
 52609 | Depths:2 | Noticed Bai Suzhen
 52624 | Depths:1 | Killed Bai Suzhen
 52829 | Depths:2 | Found a gateway to Hell.
 53335 | Depths:2 | Noticed Mara
 53672 | Depths:2 | Noticed ragingrage's illusion
 53975 | Depths:2 | Noticed ragingrage's illusion
 53975 | Depths:2 | Killed Mara
 54886 | Depths:2 | Noticed a golden dragon
 54895 | Depths:2 | Killed a golden dragon
 55240 | Depths:2 | Noticed a golden dragon
 55282 | Depths:2 | Reached skill level 15 in Fighting
 55960 | Depths:2 | Killed a golden dragon
 56256 | Depths:2 | Noticed the Enchantress
 56383 | Depths:2 | Reached skill level 5 in Armour
 56633 | Depths:2 | Upgraded the game from 0.30-a0-279-g4b46babb21 to
                  | 0.30-a0-292-g0f741e3f8e
 56710 | Depths:2 | Reached XP level 23. HP: 101/184 MP: 19/19
 57778 | Depths:3 | Found a radiant altar of Vehumet.
 57875 | Depths:3 | Found Zoapt's Magic Scroll Boutique.
 57895 | Depths:3 | Bought 2 scrolls of fog for 136 gold pieces
 57895 | Depths:3 | Bought a scroll of fog for 68 gold pieces
 58823 | Depths:4 | Entered Level 4 of the Depths
 58945 | Depths:2 | Found a one-way gate leading to the halls of Pandemonium.
 59036 | Depths:2 | Identified the +3 dagger "Hazug" {vorpal, Will- Str+5}
 59059 | Depths:2 | Killed the Enchantress
 59270 | Depths:2 | Noticed a juggernaut
 59276 | Depths:2 | Killed a juggernaut
 59340 | Depths:2 | Noticed a juggernaut
 59347 | Depths:2 | Killed a juggernaut
 59877 | Depths:3 | HP: 10/221 [stone giant (24)]
 60508 | Depths:4 | Found Veececs's Antique Armour Shoppe.
 60717 | Depths:4 | Identified the +1 lajatang "Xuuh" {vorpal, *Noise rN++}
 60720 | Depths:4 | Identified the +6 longbow "Fegohim" {vorpal, Will+ Str+2}
 60737 | Depths:4 | Reached skill level 25 in Unarmed Combat
 60742 | Depths:4 | Killed from afar by a golden dragon

Illustrated notes

Levels and vault maps discovered:
D:1:      amcnicky_arrival_abandoned_market, layout_basic
D:2:      layout_loops_ring, basic_altar, roderic_roman_lattice, uniq_jessica
D:3:      layout_loops_corners, trog_hazing_becter,
          yredelemnul_forgotten_temple_becter
D:4:      layout_basic, minmay_temple_entry_ruins, grunt_decor_one_mirror,
          st_stairs_9, nicolae_stop_n_shop_2
D:5:      layout_layer_cave
D:6:      layout_rooms, grunt_dithmenos_smoke, enter_ossuary_4
D:7:      layout_gridville, nicolae_overflow_crystal_walls, enter_bailey_2,
          minivault_5, minivault_14, kennysheep_another_room,
          corexii_leaking_fountain
D:8:      layout_basic, grunt_temple_overflow_open, erik_lair_orcish_takeover
D:9:      layout_basic, grunt_qazlal_clouds
D:10:     layout_grid_maze, mainiacjoe_overflow_tiny_flanked,
          nemelex_spade_bored_becter, dk_vineyard_3, minivault_27,
          minmay_pinched_square, uniq_erica
D:11:     layout_loops_ring, gauntlet_entry_generic, uniq_grum
D:12:     layout_loops_corners, zombieorc2_lemuel,
          lemuel_zombie_altar_kikubaaqudgha, uniq_sonja, uniq_jorgrun, uniq_urug
D:13:     layout_roguey, lightli_vaults_fourway_checkpoint,
          nicolae_trove_entry_path_of_doom, hellmonk_ghost_big_iron
D:14:     layout_stronghold, corexii_hall_statues_l, chequers_mini_garden,
          minmay_guarded_unrand_prune
D:15:     hangedman_depths_entry_try_elsewhere_first, layout_rooms,
          gammafunk_ghost_split, serial_park_gazebo
          [serial_park_minivault_5x5_2], grunt_ministairs_9
Temple:   nicolae_temple_figure_eight
Lair:1:   layout_hall_layers, ebering_ghost_reflecting_pool,
          serial_bayou_ford_a, st_stairs_8
Lair:2:   layout_cave_pods, minmay_swamp_entry_eels,
          hellmonk_spider_entry_not_the_bees, serial_forest,
          infiniplex_forest_lined_2, infiniplex_forest_end_2,
          infiniplex_forest_end_2, infiniplex_forest_clump_medium,
          infiniplex_forest_clump_diagonal, infiniplex_forest_lined_4_way,
          infiniplex_forest_straight_2, patterned_corridor
Lair:3:   cheibrodos_lair_overgrown_chateau, layout_chaotic_city,
          serial_bayou_pond_a, nicolae_lair_grove_arrangements, uniq_kirke
Lair:4:   layout_misc_corridors, minmay_slime_entry_jelly_boxes,
          grunt_forest_stairs_basic
Lair:5:   evilmike_catoblepas_cave, layout_hall_layers,
          hellmonk_ghost_happy_afterlife, special_room
          [special_room_mythical_zoo], serial_bayou_lake_a
Swamp:1:  layout_basic_swamp, hangedman_swamp_diagram
Swamp:2:  layout_basic_swamp, nicolae_swamp_dense_foliage, swamp_pool1
Swamp:3:  layout_basic_swamp, infiniplex_staircase_pool, swamp_pool5
Swamp:4:  swamp_fiery, layout_basic_swamp
Spider:1: layout_chambers, special_room [special_room_bee],
          guppyfry_hornet_nest, uniq_nikola
Spider:2: layout_spider_delve
Spider:3: layout_spider_delve, drop_trap
Spider:4: floodkiller_spider_rune_tomb, nicolae_spider_nook
Orc:1:    layout_caves, nooodl_orcs_dogs, uniq_gastronok
Orc:2:    grunt_orc_gardens, layout_caves, grunt_orc_garden, grunt_orc_garden,
          grunt_orc_garden, grunt_orc_garden, serial_shops,
          nicolae_lakefront_shop, mines2_david
Elf:1:    eino_elf_arrival_sip, layout_loops_cross, serial_shops, bzr_firewalk,
          uniq_louise
Elf:2:    nicolae_elf_blades_splatter_lattice
          [nicolae_blade_entry_crossed_weapons], layout_geoelf_grid,
          serial_shops, shop
Elf:3:    minmay_elf_hall_x, layout_loops_ring, minmay_misc_feat_five,
          uniq_roxanne
Vaults:1: hangedman_vaults_trim, nicolae_vaults_little_squares_4,
          v_alt_pattern_5, nicolae_vaults_circle_grid_b, v_misc_9, v_misc_24,
          vaults_room_large_hall, grunt_vaults_diagonal, layout_vaults_big_room,
          serial_shops, nicolae_shop_trees
Vaults:2: nicolae_vaults_network_s, serial_ice_g,
          nicolae_vaults_little_squares_3, v_misc_10, v_misc_15,
          nicolae_vaults_windows_and_doors_thing,
          vaults_room_hangedman_quadrants, nicolae_vaults_little_squares_3,
          hangedman_vaults_stretched_pinwheel, vaults_mumra_hexcomb,
          hangedman_vaults_slice, v_misc_10, vaults_room_fancy_cross,
          nicolae_vaults_ring_of_whatevers, nicolae_vaults_shelves_hall,
          layout_vaults_ring
Vaults:3: blue_anna_dwarven_crypt, v_alt_pattern_1, hangedman_vaults_capsules,
          ontoclasm_vaults_gateway, vaults_room_stairs_pillars,
          layout_vaults_omnigrid
Vaults:4: nicolae_vaults_little_squares_2, grunt_vaults_bifocal,
          nicolae_vaults_ring_of_whatevers, v_rooms_3,
          ontoclasm_vaults_claustrophobia, ontoclasm_vaults_ring_small,
          nicolae_vaults_ninety_degrees, nicolae_vaults_minivaults,
          ontoclasm_vaults_chip, vaults_mumra_lcd, v_rooms_6, v_pattern_2,
          hangedman_vaults_impose, ontoclasm_vaults_ring_small,
          vaults_standard_mumra_x, layout_vaults_omnibox, uniq_aizul
Depths:1: layout_gridville, nicolae_elyvilon_peaceful_grove,
          nicolae_abyss_entry_one_way_or_another, hellmouth_2, glass_columns_a,
          okawaru_gym_becter, uniq_saint_roka
Depths:2: gammafunk_depths_water_palace, layout_gridville, enter_ziggurat_c,
          serial_bayou, serial_bayou_lagoon_a, serial_bayou_pond_a,
          serial_bayou_shore_b, pan_entry, hell_entry, uniq_enchantress,
          uniq_bai_suzhen, uniq_mara
Depths:3: grunt_twist_and_shout, layout_honeycomb, hangedman_abyss_entry_splay,
          serial_shops, nicolae_shop_hallway_stairs,
          nicolae_vehumet_altar_sigil, hangedman_coc_ice_floe
Depths:4: grunt_zot_entry_alcove, layout_cave_pools, minmay_misc_feat_hallway,
          serial_shops, nicolae_shop_waterfront, hangedman_geh_valley,
          beargit_elvish_explorers

Skill      XL: |  1  2  3  4  5  6  7  8  9 10 11 12 13 14 15 16 17 18 19 20 21 22 23 |
---------------+----------------------------------------------------------------------+-----
Unarmed Combat | 3 4 5 7 9 11 12 13 14 15 16 17 19 20 22 23 24 25 | 25.0
Dodging        | 0 |  0.0
Throwing       | 2 4 5 6 7 8 10 11 12 13 14 | 14.7
Armour         | 1 2 3 4 5 6 |  6.5
Shields        | 3 4 6 7 8 9 10 11 12 13 14 | 14.1
Fighting       | 3 4 5 6 7 8 9 10 11 12 13 14 15 | 15.5
Transmutations | 2 3 5 |  5.0
Evocations     | 3 4 5 |  5.0

Action                   |  1- 3 |  4- 6 |  7- 9 | 10-12 | 13-15 | 16-18 | 19-21 | 22-24 || total
-------------------------+-------+-------+-------+-------+-------+-------+-------+-------++-------
Melee: Unarmed           |    93 |   114 |   362 |   558 |  1137 |  1360 |   870 |   844 ||  5338
       Trident           |       |       |       |     3 |       |       |       |       ||     3
       Scimitar          |       |       |       |     2 |    37 |    35 |       |       ||    74
Throw: Dart              |       |       |     9 |    48 |   118 |   116 |    16 |    42 ||   349
       Javelin           |       |       |     3 |       |     5 |       |     3 |     3 ||    14
       Boomerang         |       |       |     1 |       |       |   105 |    28 |    85 ||   219
       Large rock        |       |       |       |     3 |    30 |    11 |    17 |    51 ||   112
       Throwing net      |       |       |       |       |     4 |       |       |       ||     4
 Cast: Wereblood         |       |       |       |     3 |    37 |    53 |    19 |    10 ||   122
       Blink             |       |       |       |       |       |       |       |     1 ||     1
Invok: Sacrifice Stealth |       |     1 |       |       |       |       |       |       ||     1
       Sacrifice Nimblen |       |       |     1 |       |       |       |       |       ||     1
       Sacrifice Skill   |       |       |     1 |       |       |       |       |       ||     1
       Reject Sacrifices |       |       |       |     1 |       |       |       |       ||     1
       Sacrifice Love    |       |       |       |     1 |       |       |       |       ||     1
       Sacrifice Essence |       |       |       |       |     1 |       |       |       ||     1
       Sacrifice Drink   |       |       |       |       |     1 |       |       |       ||     1
       Apocalypse        |       |       |       |       |     1 |    10 |     9 |     9 ||    29
       Power Leap        |       |       |       |       |       |     2 |     2 |       ||     4
       Draw Out Power    |       |       |       |       |       |       |       |     1 ||     1
Evoke: Wand              |       |     2 |     2 |     1 |     2 |    18 |     2 |     6 ||    33
       Tin of tremorston |       |       |       |     2 |     1 |     5 |     4 |     2 ||    14
       Phial of floods   |       |       |       |       |       |     1 |     2 |     2 ||     5
       Condenser vane    |       |       |       |       |       |       |       |     4 ||     4
  Use: Scroll            |     1 |       |     6 |    16 |     5 |     3 |     5 |     2 ||    38
       Potion            |       |       |       |    14 |     2 |     2 |     1 |       ||    19
 Stab: Sleeping          |       |     2 |       |       |       |       |       |       ||     2
       Invisible         |       |       |     1 |     7 |     9 |    16 |     6 |    24 ||    63
       Distracted        |       |       |       |       |     9 |    12 |     7 |     3 ||    31
       Petrified         |       |       |       |       |     3 |       |       |       ||     3
       Paralysed         |       |       |       |       |     6 |    26 |    11 |    15 ||    58
       Held in net/web   |       |       |       |       |     2 |       |       |       ||     2
       Confused          |       |       |       |       |       |       |       |     1 ||     1
Armor: Robe              |    21 |    21 |    43 |       |   101 |   302 |   115 |    64 ||   667
       Steam dragon scal |       |       |    10 |   128 |   165 |       |       |       ||   303
       Skin              |       |       |       |    44 |       |       |       |       ||    44
       Troll leather arm |       |       |       |       |    33 |       |       |       ||    33
       Gold dragon scale |       |       |       |       |       |       |       |   177 ||   177
       Storm dragon scal |       |       |       |       |       |       |       |     7 ||     7
Dodge: Dodged            |    38 |    33 |   129 |   259 |   344 |   336 |   110 |    99 ||  1348
       Repelled          |       |       |     1 |     2 |     6 |     9 |     4 |     3 ||    25
Block: Kite shield       |    36 |    29 |   108 |   239 |   432 |   834 |   398 |   427 ||  2503
       Reflection        |       |       |       |       |       |    19 |    41 |     7 ||    67

Table legend: (Time is in decaauts)
 A = Elapsed time spent in this place.
 B = Non-inter-level travel time spent in this place.
 C = Inter-level travel time spent in this place.
 D = Time resting spent in this place.
 E = Time spent auto-exploring this place.
 F = Levels seen in this place.
 G = Mean time per level.
                   A        B        C        D        E       F      G
               +--------+--------+--------+--------+--------+-----+--------+
         Total |  60430 |  55409 |   5021 |  13087 |  27783 |  50 | 1208.6 |
       Dungeon |  17316 |  15258 |   2058 |   2205 |   9392 |  15 | 1154.4 |
        Temple |      1 |      1 |      0 |      0 |      0 |   1 |    1.0 |
          Lair |   6585 |   5938 |    647 |    947 |   3341 |   5 | 1317.0 |
         Swamp |   4413 |   4194 |    219 |   1190 |   1722 |   4 | 1103.2 |
   Spider Nest |   6801 |   6318 |    483 |   1437 |   3052 |   4 | 1700.2 |
  Orcish Mines |   2461 |   2058 |    403 |    197 |   1331 |   2 | 1230.5 |
   Elven Halls |   5473 |   5078 |    395 |   1873 |   2074 |   3 | 1824.3 |
        Vaults |   5553 |   5323 |    230 |    611 |   3831 |   4 | 1388.2 |
        Depths |   9360 |   8776 |    584 |   4029 |   2607 |   4 | 2340.0 |
         Abyss |   1329 |   1329 |      0 |    338 |     21 |   5 |  265.8 |
       Ossuary |    314 |    314 |      0 |     41 |    117 |   1 |  314.0 |
        Bailey |    496 |    496 |      0 |    195 |    150 |   1 |  496.0 |
      Gauntlet |    322 |    322 |      0 |     20 |    141 |   1 |  322.0 |
               +--------+--------+--------+--------+--------+-----+--------+

Top non-repeatable levels by time:
Depths:2: 4319 daAuts
   Elf:2: 2383 daAuts
Depths:1: 2312 daAuts
Spider:1: 2162 daAuts
   Elf:3: 2143 daAuts
Depths:3: 2114 daAuts
  Lair:5: 2007 daAuts
Vaults:4: 1901 daAuts
    D:14: 1799 daAuts
Spider:3: 1763 daAuts
  Lair:2: 1682 daAuts
    D:15: 1681 daAuts
Spider:4: 1656 daAuts
    D:12: 1595 daAuts
    D:13: 1497 daAuts
